Map: Paisaje nocturno EE

Players

Zelph - Winner!

  • Race: Terran Terran
  • League: Gold
  • Spawn Location: 7:00

Catalina - Winner!

  • Race: Protoss Protoss
  • League: Silver
  • Spawn Location: 7:00

MrFercho

  • Race: Zerg Zerg
  • League: Gold
  • Spawn Location: 1:00

TATORREA

  • Race: Protoss Protoss
  • League: Gold
  • Spawn Location: 1:00

VOD

Have the link to the VOD?

Description

Time

  • Played on: July 25, 2020, 9:33 p.m.
  • Length: 6:52
Show
View Real Time Build Order
Export as new Build Order

Zelph Terran - Winner!

Build Orders:  

Get SALT Encoding   

  12  0:02  SCV  
  13  0:14  SCV  
  14  0:26  SCV  
  15  0:30  Supply Depot  
  15  0:50  Supply Depot  
  15  0:51  SCV  
  15  0:54  Refinery  
  16  1:03  SCV  
  17  1:04  Barracks  
  17  1:15  SCV  
  18  1:28  SCV  
  19  1:40  SCV  
  20  1:52  Barracks  
  21  1:57  Barracks  
  21  1:58  Orbital Command  
  21  2:00  Barracks Reactor  
  20  2:27  Barracks  
  20  2:29  Barracks  
  20  2:38  Marine  
  20  2:39  Marine x2  
  23  2:51  Marine  
  24  2:56  Marine x2  
  27  3:05  Barracks Reactor  
  26  3:10  Barracks Reactor  
  26  3:14  Marine x2  
  26  3:18  Barracks Reactor  
  26  3:19  Barracks Reactor  
  28  3:32  Marine x2  
  30  3:50  Marine x2  
  32  4:07  Marine  
  32  4:08  Marine  
  34  4:12  Marine x5  
  34  4:13  Marine x3  
  42  4:25  Marine x2  
  42  4:29  Marine x2  
  42  4:30  Marine x3  
  39  4:50  Marine x4  
  39  4:51  Marine x4  
  47  5:15  Supply Depot  
  47  5:36  Marine x8  
  47  5:37  Supply Depot  
  55  5:50  Marine x2  
  55  5:54  Marine x6  
  63  5:59  Marine x2  
  63  6:00  Supply Depot  
  61  6:08  Marine  
  60  6:23  Supply Depot  
Show
View Real Time Build Order
Export as new Build Order

Catalina Protoss - Winner!

Build Orders:  

Get SALT Encoding   

  1  0:00  Probe  
  13  0:16  Pylon  
  13  0:31  Probe  
  14  0:37  Gateway  
  14  0:46  Gateway  
  14  0:50  Probe  
  15  1:03  Probe  
  16  1:13  Assimilator  
  16  1:38  Zealot  
  16  1:39  Zealot  
  20  1:46  Pylon, Probe  
  21  1:54  Probe  
  21  2:00  Cybernetics Core  
  22  2:06  Zealot  
  22  2:07  Zealot  
  26  2:25  Zealot  
  26  2:26  Assimilator  
  26  2:28  Probe  
  27  2:34  Zealot  
  31  2:50  Pylon  
  31  3:08  Stalker, Probe  
  34  3:15  Stargate  
  34  3:20  Probe  
  34  3:24  Stalker  
  37  3:31  Pylon  
  37  3:33  Probe  
  38  3:45  Probe  
  39  3:49  Zealot  
  39  3:54  Zealot  
  43  3:57  Probe  
  43  4:00  Void Ray  
  46  4:14  Pylon  
  46  4:22  Stalker  
  34  4:41  Void Ray  
  38  5:01  Stalker  
  38  5:02  Stalker  
  42  5:29  Nexus  
  42  5:31  Stalker  
  42  5:33  Pylon  
  44  5:47  Void Ray  
  48  5:55  Zealot  
  46  6:01  Probe  
  42  6:10  Probe  
  44  6:19  Probe  
  44  6:24  Zealot  
  44  6:25  Zealot  
  45  6:31  Assimilator  
  45  6:36  Assimilator  
Show
View Real Time Build Order
Export as new Build Order

MrFercho Zerg 

Build Orders: Hatch First 

Get SALT Encoding   

  12  0:01  Drone  
  13  0:14  Overlord  
  13  0:17  Drone  
  14  0:32  Drone x2  
  16  0:53  Hatchery, Drone  
  16  0:57  Drone  
  16  1:00  Drone  
  18  1:12  Extractor  
  18  1:17  Spawning Pool  
  16  1:19  Drone  
  16  1:22  Drone  
  18  1:29  Drone  
  19  1:43  Drone  
  20  1:51  Overlord  
  20  2:02  Drone  
  20  2:05  Queen  
  20  2:06  Queen  
  20  2:08  Zergling x2  
  26  2:13  Zergling x2  
  27  2:18  Metabolic Boost  
  27  2:20  Drone  
  28  2:25  Drone  
  28  2:27  Drone  
  30  2:35  Drone  
  31  2:45  Drone x2  
  31  2:47  Queen  
  35  2:52  Lair  
  35  2:53  Drone  
  36  3:03  Overlord x2  
  36  3:14  Baneling Nest  
  36  3:15  Drone  
  36  3:19  Extractor  
  35  3:20  Extractor, Drone x2  
  36  3:30  Drone  
  36  3:31  Drone x6  
  42  3:57  Zergling x6  
  42  4:00  Overlord x2  
  42  4:01  Overlord  
  39  4:10  Spine Crawler  
  39  4:13  Zergling x2, Spine Crawler  
  39  4:14  Zergling x8  
  32  4:21  Queen  
  33  4:24  Zergling x4  
  33  4:25  Zergling x2  
  34  4:44  Drone x5  
  39  5:00  Drone x5  
  39  5:02  Centrifical Hooks  
  44  5:12  Drone x2  
  46  5:16  Baneling x5  
  46  5:19  Overlord  
  46  5:33  Hydralisk Den  
  46  5:34  Evolution Chamber  
  45  5:35  Drone  
  45  5:36  Evolution Chamber, Drone x3  
  45  5:37  Drone  
  45  5:41  Extractor  
  47  5:47  Overseer  
  47  5:50  Zergling x2  
  47  5:51  Zergling x8  
  46  6:05  Zergling x12  
  47  6:19  Zergling x8  
Show
View Real Time Build Order
Export as new Build Order

TATORREA Protoss 

Build Orders:  

Get SALT Encoding   

  12  0:01  Probe  
  13  0:13  Probe  
  14  0:22  Pylon  
  14  0:25  Probe  
  15  0:40  Probe  
  16  0:47  Gateway  
  16  0:51  Probe  
  16  0:55  Assimilator  
  17  0:58  Pylon  
  17  0:59  Probe  
  18  1:08  Probe  
  19  1:19  Probe  
  20  1:31  Probe  
  20  1:53  Nexus  
  20  1:58  Cybernetics Core  
  20  2:02  Pylon, Probe  
  21  2:13  Gateway, Assimilator  
  21  2:15  Probe  
  22  2:27  Probe  
  23  2:36  Stalker  
  25  2:39  Probe  
  26  2:51  Probe  
  27  3:04  Probe  
  28  3:05  Probe  
  29  3:14  Stalker  
  29  3:15  Twilight Council, Gateway  
  29  3:17  Pylon, Probe  
  29  3:18  Probe  
  33  3:26  Stalker  
  35  3:31  Probe x2  
  37  3:43  Warp Gate  
  37  3:56  Stalker  
  34  4:13  Stalker  
  28  4:19  Stalker  
  24  4:33  Probe x2  
  26  4:41  Probe x2  
  27  4:51  Stalker, Probe  
  28  4:53  Pylon  
  28  4:56  Probe  
  30  5:07  Stalker  
  32  5:15  Probe x2  
  34  5:28  Shield Battery  
  34  5:29  Probe  
  34  5:30  Shield Battery, Probe  
  36  5:37  Probe  
  36  5:38  Probe  
  38  5:45  Probe  
  38  5:46  Probe  
  39  5:57  Probe x2  
  30  6:11  Stalker  
  30  6:12  Stalker x2  
Tags
 
Add a new tag
Caveats
  • Supply blocks, unpowered buildings, or Contaminate may cause inaccurate times.
  • Supply counts are checked every 10 seconds.